AoeStats
← Fireworks

Arena

507916900Analyzed
4v4 RM · 13d ago on Sep 20, 2026· 43m 59s· 8 players
Game mode
Random Map
Map size
Large (8 player)
Population
200
Speed
Normal
Resources
Standard
Victory
Conquest
Starting age
Dark Age
Ending age
Imperial Age
RankedLock teamsTeams togetherTeam positionsShared explorationLock speedFull tech treeHidden civsTurbo modeCheats
Victory
Defeat
🇨🇳 Malians · China
1500
+22
🇨🇳 Ethiopians · China
1457
+24
🇨🇳 Wu · China
1436
+25
🇨🇳 Byzantines · China
1359
+26
🇦🇷 Inca · Argentina
1755
-28
🇨🇳 Lithuanians · China
1693
-26
🇸🇬 Malay · Singapore
1670
-25
🇨🇳 Bulgarians · China
1456
-18
Vegeta
11:06 Feudal Age
15:16 Castle Age
13:19 Double-Bit Axe
13:39 Horse Collar
15:54 Bow Saw
22:20 Loom
23:24 Wheelbarrow
27:26 Imperial Age
25:27 Thumb Ring
24:58 Crossbowman
25:39 Gold Mining
26:34 Fletching
27:23 Bodkin Arrow
28:29 Hand Cart
28:11 Arbalester
29:10 Bracer
30:21 Chemistry
29:52 Heavy Plow
31:29 Gold Shaft Mining
30:45 Stone Mining
31:43 Crop Rotation
32:18 Coinage
32:58 Stone Shaft Mining
32:11 Town Watch
33:29 Banking
34:03 Conscription
37:41 Scale Barding Armor
37:47 Forging
39:49 Iron Casting
38:57 Treadmill Crane
39:48 Ballistics
hcy
10:31 Feudal Age
15:12 Castle Age
13:36 Double-Bit Axe
15:06 Gold Mining
16:18 Scale Mail Armor
17:06 Forging
17:46 Loom
18:33 Chain Mail Armor
38:02 Imperial Age
37:11 Iron Casting
37:48 Gold Shaft Mining
37:20 Gambesons
37:39 Arson
39:37 Plate Mail Armor
40:59 Blast Furnace
40:11 Pikeman
小白
10:03 Feudal Age
13:38 Castle Age
12:47 Double-Bit Axe
14:37 Bow Saw
16:01 Horse Collar
18:45 Loom
21:40 Wheelbarrow
22:00 Bloodlines
22:22 Scale Barding Armor
22:29 Husbandry
24:42 Chain Barding Armor
24:48 Forging
25:08 Heavy Plow
25:28 Gold Mining
28:28 Iron Casting
28:13 Stone Mining
29:38 Hand Cart
33:49 Imperial Age
33:08 Fletching
35:12 Plate Barding Armor
33:59 Cavalier
34:38 Bodkin Arrow
34:53 Elite Skirmisher
35:21 Paladin
36:41 Bracer
37:18 Ballistics
39:04 Chemistry
38:18 Padded Archer Armor
39:48 Leather Archer Armor
39:40 Thumb Ring
40:26 Conscription
41:37 Ring Archer Armor
Baby Perrex
10:14 Feudal Age
10:43 Feudal Age
11:30 Double-Bit Axe
14:30 Castle Age
12:55 Loom
15:02 Horse Collar
15:32 Bow Saw
15:24 Gold Mining
27:42 Horse Collar
31:43 Fletching
32:17 Ballistics
33:24 Bodkin Arrow
38:31 Elite Skirmisher
39:30 Padded Archer Armor
93老玩家回归
9:36 Feudal Age
14:45 Castle Age
13:02 Double-Bit Axe
13:27 Horse Collar
16:37 Wheelbarrow
16:23 Bow Saw
28:54 Imperial Age
26:28 Gold Mining
26:40 Heavy Plow
26:48 Scale Barding Armor
26:53 Forging
26:37 Treadmill Crane
27:18 Ballistics
28:38 Gold Shaft Mining
27:54 Stone Mining
29:25 Hand Cart
29:03 Fletching
29:14 Padded Archer Armor
29:34 Chain Barding Armor
29:49 Iron Casting
29:30 Loom
31:01 Chemistry
31:07 Husbandry
30:28 Heavy Camel Rider
31:26 Leather Archer Armor
31:07 Bodkin Arrow
33:00 Elite Skirmisher
33:46 Thumb Ring
35:33 Bombard Tower
35:09 Murder Holes
37:24 Plate Barding Armor
36:50 Bracer
37:20 Ring Archer Armor
36:56 Cavalier
41:24 Light Cavalry
42:19 Arrowslits
44:18 Conscription
44:00 Greek Fire
44:13 Logistica
44:39 Hoardings
43:37 Hussar
赶脚的柠檬头
10:06 Feudal Age
13:38 Castle Age
12:03 Double-Bit Axe
12:02 Horse Collar
14:33 Bow Saw
14:28 Heavy Plow
22:04 Wheelbarrow
27:44 Imperial Age
25:08 Loom
25:26 Gold Mining
25:27 Stone Mining
25:57 Hand Cart
25:28 Town Watch
26:07 Squires
25:53 Arson
26:20 Scale Mail Armor
26:30 Forging
27:58 Gold Shaft Mining
28:15 Chain Mail Armor
28:36 Iron Casting
28:40 Stone Shaft Mining
27:46 Halberdier
27:51 Capped Ram
29:22 Conscription
29:03 Royal Heirs
30:35 Two-Man Saw
31:39 Chemistry
31:11 Plate Mail Armor
31:42 Blast Furnace
31:32 Torsion Engines
32:07 Heavy Scorpion
33:50 Ballistics
33:36 Siege Engineers
37:10 Siege Ram
Fireworks
10:29 Feudal Age
15:14 Castle Age
13:31 Double-Bit Axe
15:25 Loom
15:24 Horse Collar
15:36 Gold Mining
16:46 Bow Saw
17:39 Scale Mail Armor
17:53 Forging
24:18 Scale Mail Armor
27:01 Chain Mail Armor
28:01 Heavy Plow
28:38 Wheelbarrow
34:31 Imperial Age
32:46 Town Watch
33:44 Hand Cart
33:31 Town Patrol
33:58 Scale Barding Armor
35:10 Iron Casting
36:56 Chain Barding Armor
36:23 Cavalier
37:05 Husbandry
37:19 Bloodlines
38:25 Plate Barding Armor
38:29 Farimba
39:18 Light Cavalry
06老玩家回归
10:15 Feudal Age
11:38 Loom
14:43 Castle Age
13:28 Double-Bit Axe
14:00 Horse Collar
16:51 Fletching
17:38 Gold Mining
19:53 Bodkin Arrow
22:05 Padded Archer Armor
24:27 Wheelbarrow
23:38 Town Watch
32:55 Hand Cart
38:31 Imperial Age
37:02 Gold Shaft Mining
36:19 Stone Mining
36:44 Scale Barding Armor
36:50 Forging
38:18 Chain Barding Armor
38:26 Bloodlines
38:17 Husbandry
38:37 Bow Saw
40:01 Heavy Hei Guang Cavalry
41:39 Plate Barding Armor
41:29 Conscription
43:56 Iron Casting
Connection lost

Rejoining the realm…

Still unreachable

The connection could not be restored.

Session expired

The server has moved on; the page needs a fresh start.